Map: Backwater LE

Players

ILIEKEGGPIE

  • Race: Protoss Protoss
  • League: Platinum
  • Spawn Location: 11:00

PetR - Winner!

  • Race: Terran Terran
  • League: Gold
  • Spawn Location: 5:00

VOD

Have the link to the VOD?

Description

Time

  • Played on: April 12, 2018, 1:10 a.m.
  • Length: 20:13
Show
View Real Time Build Order
Export as new Build Order

ILIEKEGGPIE Protoss 

Build Orders: Colossus Rush 

Get SALT Encoding   

  12  0:01  Probe  
  13  0:16  Pylon  
  13  0:19  Probe  
  14  0:31  Probe (Chrono Boost)  
  15  0:37  Gateway  
  15  0:44  Probe (Chrono Boost)  
  16  0:55  Assimilator, Probe  
  17  1:07  Probe (Chrono Boost)  
  18  1:12  Gateway  
  18  1:19  Probe (Chrono Boost)  
  19  1:27  Probe (Chrono Boost)  
  19  1:28  Cybernetics Core  
  20  1:33  Probe  
  20  1:38  Pylon  
  21  1:47  Assimilator  
  21  1:53  Probe  
  21  2:06  Probe, Warp Gate  
  21  2:08  Adept (Chrono Boost)  
  26  2:13  Adept (Chrono Boost)  
  26  2:31  Pylon  
  26  2:33  Adept (Chrono Boost)  
  28  2:43  Adept  
  30  2:53  Robotics Facility  
  30  3:10  Nexus  
  30  3:16  Pylon  
  30  3:43  Probe  
  30  3:44  Observer (Chrono Boost)  
  32  3:50  Robotics Bay  
  32  3:54  Gateway  
  32  3:55  Probe  
  33  4:00  Gateway  
  33  4:07  Probe  
  34  4:26  Probe (Chrono Boost)  
  36  4:32  Probe (Chrono Boost)  
  36  4:36  Probe (Chrono Boost)  
  38  4:40  Probe (Chrono Boost)  
  38  4:48  Colossus  
  38  4:52  Extended Thermal Lance  
  44  4:56  Pylon  
  44  5:00  Probe (Chrono Boost)  
  44  5:05  Probe (Chrono Boost)  
  46  5:08  Stalker x2  
  46  5:10  Probe (Chrono Boost)  
  46  5:14  Probe (Chrono Boost)  
  52  5:21  Probe  
  52  5:23  Assimilator  
  52  5:24  Probe  
  54  5:28  Assimilator  
  44  6:17  Stalker x2  
  48  6:32  Assimilator  
  48  6:34  Colossus  
  54  6:41  Stalker  
  54  6:42  Stalker x3  
  62  6:55  Probe  
  62  6:56  Probe  
  64  7:37  Probe (Chrono Boost)  
  64  7:40  Probe (Chrono Boost)  
  66  7:49  Probe (Chrono Boost)  
  68  7:53  Probe (Chrono Boost)  
  68  7:55  Probe (Chrono Boost)  
  68  8:01  Probe  
  68  8:04  Probe  
  58  8:23  Stalker x2  
  62  8:45  Gateway  
  62  8:46  Pylon  
  62  8:48  Pylon  
  62  8:49  Gateway, Pylon  
  62  8:59  Pylon  
  62  9:01  Pylon  
  62  9:03  Colossus  
  62  9:04  Probe x2  
  62  9:08  Forge  
  70  9:11  Forge  
  70  9:27  Nexus  
  70  9:30  Pylon  
  65  9:32  Pylon  
  61  9:44  Photon Cannon  
  61  10:19  Stalker x5, Pylon  
  71  10:21  Protoss Ground Weapons Level 1 (Chrono Boost)  
  71  10:23  Protoss Ground Armor Level 1 (Chrono Boost)  
  71  10:56  Stalker x2  
  71  10:57  Stalker x3  
  81  11:08  Photon Cannon  
  81  11:14  Photon Cannon  
  73  11:35  Colossus (Chrono Boost)  
  61  11:42  Stalker  
  61  11:43  Stalker  
  59  12:26  Immortal  
  55  12:34  Robotics Facility  
  53  12:53  Gateway  
  53  12:57  Gateway  
  53  12:58  Pylon  
  53  13:00  Probe (Chrono Boost)  
  55  13:06  Probe (Chrono Boost)  
  55  13:09  Probe (Chrono Boost)  
  57  13:13  Probe (Chrono Boost)  
  57  13:43  Colossus  
  63  13:54  Twilight Council  
  63  14:07  Stalker  
  63  14:08  Stalker x3  
  71  14:10  Zealot x4  
  79  14:28  Nexus  
  79  14:52  Zealot  
  79  14:53  Zealot x4  
  79  14:57  Warp Prism (Chrono Boost)  
  87  16:01  Probe x2  
  89  16:08  Pylon  
  89  16:10  Pylon  
  89  16:13  Probe x2  
  91  16:23  Zealot  
  91  16:24  Zealot x3  
  91  16:25  Probe x2  
  101  16:37  Probe x2  
  87  16:56  Zealot  
  87  16:57  Zealot x2, Adept  
  87  16:58  Adept x3  
  93  17:24  Pylon  
  93  17:29  Pylon  
  80  17:50  Stalker x2  
  84  17:51  Stalker  
  80  18:19  Charge (Chrono Boost)  
  80  18:47  Zealot x3  
  86  18:49  Zealot  
  88  19:09  Adept x4  
  94  19:25  Stalker x3  
  94  19:26  Stalker  
Show
View Real Time Build Order
Export as new Build Order

PetR Terran - Winner!

Build Orders:  

Get SALT Encoding   

  12  0:02  SCV  
  13  0:13  Supply Depot  
  13  0:17  SCV  
  14  0:29  SCV  
  15  0:36  Barracks  
  15  0:42  SCV  
  16  0:46  Refinery  
  16  0:57  Supply Depot  
  16  1:00  SCV  
  17  1:12  SCV  
  18  1:24  Marine, SCV  
  20  1:36  Refinery, SCV  
  21  1:43  Barracks Reactor  
  21  1:48  SCV  
  22  2:00  SCV  
  23  2:05  Factory  
  23  2:12  SCV  
  24  2:22  Marine  
  24  2:23  Marine  
  24  2:24  SCV  
  27  2:36  Barracks  
  27  2:37  SCV  
  28  2:40  Marine x2  
  30  2:50  Starport, Factory Reactor  
  30  2:54  Orbital Command  
  30  3:01  Supply Depot  
  30  3:03  Marine  
  31  3:23  Marine  
  31  3:24  Barracks Tech Lab  
  31  3:25  Supply Depot  
  32  3:41  Marine x2  
  32  3:43  Marauder  
  32  3:45  Combat Shields  
  32  3:47  Medivac x2  
  40  3:53  Supply Depot  
  40  4:07  Marauder, Marine x2  
  44  4:10  Liberator  
  44  4:24  Marine  
  44  4:25  Marine  
  44  4:28  Marauder  
  51  4:32  Medivac  
  53  4:42  Marine x2  
  55  4:46  Supply Depot  
  55  5:07  Marine x2  
  55  5:08  Marauder  
  55  5:12  Supply Depot  
  59  5:17  Liberator  
  59  5:28  Marine  
  59  5:29  Marauder, Marine  
  59  5:35  Medivac  
  67  6:24  Marauder, Marine x2  
  71  6:52  Command Center  
  71  7:05  Liberator  
  71  7:22  Medivac, Marine  
  71  7:23  Marauder, Marine  
  80  7:40  Marine  
  80  7:41  Marine  
  82  7:44  Marauder  
  84  7:58  Marine  
  84  8:03  Marine  
  85  8:06  Marauder  
  86  8:16  Marine  
  85  8:21  Marine  
  85  8:26  Marine  
  86  8:34  Marine  
  78  8:38  SCV  
  78  8:39  Marine  
  81  8:44  Medivac  
  81  8:45  Marauder, Medivac  
  87  8:50  SCV  
  87  8:51  Marine  
  89  8:57  Marine  
  89  9:01  Concussive Shells  
  91  9:02  SCV  
  91  9:06  Marauder  
  91  9:09  Marine  
  94  9:49  Medivac x2, Marine x2, SCV  
  101  9:53  Supply Depot x2  
  101  10:01  SCV  
  102  10:14  Marine x2  
  102  10:15  Marauder  
  102  10:17  Supply Depot  
  102  10:18  Supply Depot  
  102  10:19  Viking x2  
  110  10:32  Marine x2  
  112  10:36  Marauder  
  112  10:39  SCV  
  115  10:47  Supply Depot  
  115  10:49  Viking x2  
  119  10:50  Marine  
  119  10:51  SCV  
  121  10:57  Marauder  
  123  11:11  Supply Depot  
  123  11:19  Marauder, Viking x2  
  73  11:44  Marauder  
  73  11:45  Marine x2  
  75  11:59  SCV  
  76  12:03  Marine x2  
  76  12:06  Marauder  
  80  12:11  SCV  
  81  12:20  Marine  
  81  12:21  Marine  
  80  12:27  Marauder  
  80  12:38  Marine x2  
  82  12:48  Marauder  
  84  12:56  Marine x2  
  86  13:01  Viking  
  86  13:02  Viking  
  90  13:06  Factory Reactor  
  90  13:09  Marine  
  90  13:10  Factory  
  91  13:14  Marine x2  
  93  13:28  Marauder  
  93  13:31  Viking  
  93  13:32  Marine x2, Viking  
  99  13:48  Cyclone x2  
  105  13:49  Marauder, Marine  
  105  13:50  Marine  
  105  13:59  Factory Reactor  
  105  14:01  Viking  
  105  14:02  Supply Depot, Viking  
  109  14:09  Marine  
  109  14:10  Marine x2  
  112  14:20  Cyclone x2  
  112  14:22  Command Center  
  118  14:25  Supply Depot  
  118  14:27  Marine x2  
  118  14:28  Marauder  
  122  14:38  Cyclone  
  122  14:45  Marine x2  
  125  14:48  Supply Depot  
  125  14:50  Marauder  
  125  14:52  Cyclone  
  132  15:03  Marine x2  
  134  15:10  Marine  
  135  15:17  Cyclone  
  135  15:19  Refinery  
  135  15:21  Marine x2  
  139  15:22  Refinery  
  140  15:28  Marine  
  140  15:35  Refinery  
  137  15:47  Marauder  
  120  16:01  Refinery  
  120  16:03  Cyclone  
  123  16:04  Marine x2  
  123  16:07  Marine  
  126  16:22  Marine x2  
  126  16:25  Marine  
  129  16:40  Marine x2  
  129  16:43  Marine  
  131  16:58  Marine x2  
  131  17:01  Marine  
  129  17:12  SCV  
  128  17:20  SCV  
  123  17:24  SCV  
  124  17:32  SCV  
  124  17:36  SCV  
  126  17:45  SCV  
  119  17:57  SCV  
  112  18:03  SCV  
  110  18:06  Marine x2  
  110  18:07  Marine  
  110  18:09  Cyclone x3, SCV  
  110  18:12  Hellion  
  125  18:13  Orbital Command  
  125  18:15  SCV  
  123  18:24  Marine x3  
  126  18:33  Hellion  
  130  18:41  Hellion x3  
  130  18:42  Marine x3  
  137  18:50  SCV  
  137  18:55  Hellion  
  140  19:00  Marine  
  140  19:02  Hellion, SCV  
  146  19:03  Hellion x2  
  147  19:14  SCV  
  147  19:16  Hellion  
  139  19:24  Hellion, Cyclone x2  
  139  19:26  SCV  
  123  19:38  SCV  
Tags
 
Matchup
PvT
Replay Pack
Multi
Spawn Locations
Cross Positions
Add a new tag
Caveats
  • Supply blocks, unpowered buildings, or Contaminate may cause inaccurate times.
  • Supply counts are checked every 10 seconds.